 Dungeon Crawl Stone Soup version 0.29.1-1-gd02db6906a (webtiles) character file.

Game seed: 3873322210712861265

329 Braxton the Sneak (level 6, -3/28 HPs)
             Began as a Vine Stalker Enchanter on Sept 23, 2022.
             Slain by Grinder (7 damage)
             ... while paralysed by Grinder
             ... on level 3 of the Dungeon.
             The game lasted 00:15:50 (2992 turns).

Braxton the Sneak (Vine Stalker Enchanter)          Turns: 2992, Time: 00:15:50

Health: -3/28      AC:  3    Str: 11    XL:     6   Next: 50%
Magic:  0/12       EV:  2    Int: 15    God:
Gold:   88         SH:  0    Dex: 16    Spells: 7/12 levels left

rFire   . . .      SeeInvis .   a - +1 dagger
rCold   . . .      Faith    .   (no shield)
rNeg    . . .      Spirit   +   b - +0 robe
rPois   .          Reflect  .   (no helmet)
rElec   .          Harm     .   (no cloak)
rCorr   .          Rampage  .   (no gloves)
Will    .....                   h - +0 pair of boots
Stlth   +++.......              (no amulet)
HPRegen 0.89/turn               m - ring of flight
MPRegen 0.13/turn               (no ring)

@: paralysed, flying
A: fangs 2, regeneration 1, magic shield, antimagic bite, no potion heal 2
a: no special abilities


You were on level 3 of the Dungeon.
You visited 1 branch of the dungeon, and saw 3 of its levels.

You collected 88 gold pieces.

Inventory:

Hand Weapons
 a - a +1 dagger (weapon)
Missiles
 n - 27 stones (quivered)
 o - 3 poisoned darts
Armour
 b - a +0 robe (worn)
 g - a +0 chain mail
 h - a +0 pair of boots (worn)
Jewellery
 m - a ring of flight (left hand)
Scrolls
 e - a scroll of fear {unknown}
 f - a scroll of enchant armour {unknown}
 i - a scroll of teleportation {unknown}
 j - a scroll of summoning {unknown}
 l - a scroll of magic mapping {unknown}
 t - a scroll of brand weapon {unknown}
Potions
 c - 2 potions of invisibility
 d - 2 potions of flight {unknown}
 k - a potion of brilliance {unknown}
 p - 3 potions of haste {unknown}
 q - a potion of attraction {unknown}
 r - a potion of curing {unknown}
 s - a potion of resistance {unknown}
 u - a potion of ambrosia {unknown}


   Skills:
 + Level 3.0 Short Blades
 - Level 1.5 Dodging
 + Level 5.0 Stealth
 + Level 3.9 Spellcasting
 + Level 4.4 Hexes


You had 7 spell levels left.
You knew the following spells:

 Your Spells              Type           Power      Damage    Failure   Level
a - Ensorcelled Hibernat  Hex/Ice        18%        N/A       11%         2
b - Tukima's Dance        Hex            16%        N/A       9%          3

Your spell library contained the following spells:

 Spells                   Type           Power      Damage    Failure   Level
 Confusing Touch          Hex            16%        N/A       9%          3
 Dazzling Flash           Conj/Hex       18%        N/A       22%         3
 Ignite Poison            Fire/Tmut/Pois 2%         N/A       50%         3
 Mephitic Cloud           Conj/Pois/Air  2%         N/A       50%         3
 Summon Ice Beast         Ice/Summ       2%         N/A       88%         4
 Summon Mana Viper        Hex/Summ       9%         N/A       90%         5
 Freezing Cloud           Conj/Ice/Air   1%         6-21      99%         5
 Malign Gateway           Summ/Tloc      1%         N/A       100%        7
 Monstrous Menagerie      Summ           1%         N/A       100%        7
 Summon Horrible Things   Summ           1%         N/A       100%        8


Dungeon Overview and Level Annotations

Branches:
Dungeon (3/15)

Altars:

Shops:
D:1 *

Annotations:
D:3 Grinder


Innate Abilities, Weirdness & Mutations

You have extremely sharp teeth.
Your natural rate of healing is unusually fast.
When hurt, damage is shared between your health and your magic reserves.
Your bite disrupts and absorbs the magic of your enemies.
Potions cannot restore your health.


Message History

Grinder hits you but does no damage. Grinder hits you but does no damage.
You can move again.
You hit Grinder. Your punch misses Grinder. You bite Grinder.
Grinder's magic leaks into the air.
You drain her magic.
You feel invigorated.
Grinder is moderately wounded.
Grinder closely misses you.
You hit Grinder. Your bite misses Grinder.
Grinder is moderately wounded.
Grinder says, "There's only one good use for a tongue: cutting it out."
Grinder hits you.
You writhe in agony.
You barely miss Grinder.
Grinder is moderately wounded.
Grinder closely misses you.
You closely miss Grinder.
Grinder is moderately wounded.
You closely miss Grinder.
Grinder is moderately wounded.
Grinder hits you.
You writhe in agony.
You closely miss Grinder. You punch Grinder, but do no damage.
Grinder is moderately wounded.
Grinder falters for a moment.
You hit Grinder but do no damage.
Grinder is moderately wounded.
Grinder blinks!
You barely miss Grinder. You bite Grinder, but do no damage.
Grinder is moderately wounded.
Grinder hits you!
* * * LOW HITPOINT WARNING * * *
You writhe in agony.
* * * LOW HITPOINT WARNING * * *
You hit Grinder but do no damage.
Grinder is moderately wounded.
Grinder gestures at you.
You suddenly lose the ability to move!
Grinder hits you.
* * * LOW HITPOINT WARNING * * *
You writhe in agony.
Grinder's magic is no longer disrupted.
Grinder hits you!
You die...

....... .....#......
....... ....#......
....... ...+......
.......##+#.##......
..................#
................#.#
..............#.#.#
..............#.#.######
...###..@.......#.......
. #.....5#......#####
#......+..........#
+......##.......).#
###...............# ..
#...............# ..###
#...............#
.......#...............#
........#...............#


You could see Grinder.

Vanquished Creatures
  Sigmund (D:2)
  Jessica (D:2)
  Natasha (thrice) (D:2)
  2 adders (D:2)
  A worm (D:2)
  4 orcs (D:3)
  4 endoplasms
  A giant cockroach (D:2)
  8 goblins
  2 hobgoblins (D:2)
  4 jackals
  2 ball pythons (D:2)
  6 bats
  2 frilled lizards (D:1)
  2 kobolds
  5 rats
48 creatures vanquished.

Vanquished Creatures (others)
  A plant (D:1)
1 creature vanquished.

Grand Total: 49 creatures vanquished

Notes
Turn   | Place    | Note
-------+----------+-------------------------------------------
     0 | D:1      | Braxton the Vine Stalker Enchanter began the quest for the
                  | Orb.
     0 | D:1      | Reached XP level 1. HP: 9/9 MP: 4/4
    23 | D:1      | Reached skill level 1 in Short Blades
   325 | D:1      | Found a faded altar of an unknown god.
   446 | D:1      | Found Moeffusch's Assorted Antiques.
   486 | D:1      | Reached XP level 2. HP: 12/13 MP: 4/6
  1198 | D:2      | Reached XP level 3. HP: 4/16 MP: 4/7
  1478 | D:2      | Learned a level 2 spell: Ensorcelled Hibernation
  1587 | D:2      | Noticed Sigmund
  1700 | D:2      | Noticed Jessica
  1714 | D:2      | Killed Jessica
  1715 | D:2      | Gained mutation: Your natural rate of healing is unusually
                  | fast. [Vine Stalker growth]
  1715 | D:2      | Reached XP level 4. HP: 21/21 MP: 9/9
  1826 | D:2      | Noticed Natasha
  1832 | D:2      | Killed Natasha
  1833 | D:2      | Reached skill level 4 in Stealth
  2216 | D:2      | Learned a level 3 spell: Tukima's Dance
  2231 | D:2      | Killed Sigmund
  2232 | D:2      | Reached XP level 5. HP: 24/24 MP: 8/11
  2232 | D:2      | Reached XP level 6. HP: 28/28 MP: 8/12
  2312 | D:2      | Noticed Natasha
  2333 | D:2      | Killed Natasha
  2555 | D:2      | Noticed Natasha
  2579 | D:2      | Killed Natasha
  2580 | D:2      | Reached skill level 5 in Stealth
  2956 | D:3      | Noticed Grinder
  2963 | D:3      | Paralysed by Grinder for 5 turns
  2976 | D:3      | Paralysed by Grinder for 5 turns
  2990 | D:3      | Paralysed by Grinder for 2 turns
  2992 | D:3      | Slain by Grinder

Illustrated notes

Levels and vault maps discovered:
D:1:      ncdulo_lavacross, layout_basic, hellmonk_ecumenical_altar_arch_garden,
          serial_shops, nicolae_shop_overgrown_old_shop
D:2:      layout_loops_ring, uniq_sigmund, uniq_natasha, uniq_jessica
D:3:      layout_basic, st_stairs_5, uniq_grinder

Skill      XL: |  1  2  3  4  5  6 |
---------------+-------------------+-----
Short Blades   | 1 2 3 |  3.0
Spellcasting   | 3 |  3.9
Stealth        | 4 5 |  5.0
Hexes          | 4 |  4.4
Dodging        | |  1.5

Action                   |  1- 3 |  4- 6 || total
-------------------------+-------+-------++-------
Melee: Dagger            |    77 |   103 ||   180
       Bite              |    15 |    38 ||    53
       Punch             |     1 |     2 ||     3
Throw: Dart              |     4 |       ||     4
       Stone             |     1 |       ||     1
 Cast: Tukima's Dance    |       |     4 ||     4
 Stab: Sleeping          |     4 |     3 ||     7
Armor: Robe              |     8 |    20 ||    28
       Chain mail        |    59 |       ||    59
Dodge: Dodged            |    25 |    61 ||    86
